 Dungeon Crawl Stone Soup version 0.21.1-1-g345015fe64 (webtiles) character file.

290 JarielCorvus the Skirmisher (level 6, -1/49 HPs)
             Began as a Demonspawn Gladiator on July 6, 2018.
             Slain by a gnoll
             ... wielding a +0 spear
              (8 damage)
             ... on level 3 of the Dungeon.
             The game lasted 00:11:02 (3535 turns).

JarielCorvus the Skirmisher (Demonspawn Gladiator)  Turns: 3535, Time: 00:11:02

Health: -1/49      AC: 13    Str: 15    XL:     6   Next: 9%
Magic:  6/6        EV: 14    Int:  9    God:
Gold:   158        SH:  0    Dex: 16    Spells: 5/5 levels left

rFire    . . .     SeeInvis .   x - -3 trident (curse)
rCold    + . .     Gourm    .   (no shield)
rNeg     + . .     Faith    +   i - +2 robe {rN+}
rPois    .         Spirit   .   c - +0 helmet
rElec    .         Reflect  .   (no cloak)
rCorr    .         Harm     .   m - +0 pair of gloves
MR       .....                  (no boots)
Stlth    +.........             r - amulet of faith
HPRegen  0.16/turn              k - +5 ring of protection
MPRegen  0.10/turn              (no ring)

@: no status effects
A: claws 1, yellow scales 1, cold resistance 1, demonic guardian 1
a: no special abilities


You were on level 3 of the Dungeon.
You were hungry.

You visited 1 branch of the dungeon, and saw 3 of its levels.

You collected 158 gold pieces.

Inventory:

Hand Weapons
 a - a +0 long sword
 x - a cursed -3 trident (weapon)
 y - a +0 dagger
 z - a +0 hunting sling
Missiles
 d - 2 throwing nets (quivered)
 s - 82 stones
Armour
 b - a +0 leather armour
 c - a +0 helmet (worn)
 i - a +2 robe of positive energy (worn)
 j - a +0 leather armour
 m - a +0 pair of gloves (worn)
 o - a +0 helmet
Jewellery
 k - a +5 ring of protection (left hand)
 r - an amulet of faith (around neck)
Wands
 w - a wand of enslavement (11)
Scrolls
 n - a scroll of fog
 t - a scroll of teleportation
 A - a scroll of fear {unknown}
Potions
 e - 2 potions of magic
 g - 3 potions of heal wounds {unknown}
 h - a potion of ambrosia {unknown}
 l - 2 potions of resistance {unknown}
 p - a potion of brilliance {unknown}
 q - 2 potions of agility {unknown}
 u - a potion of berserk rage {unknown}
 v - a potion of invisibility {unknown}
Comestibles
 f - 7 rations


   Skills:
 * Level 4.3 Fighting
 + Level 3.7 Long Blades
 + Level 3.0 Throwing
 + Level 3.6 Dodging


You had 5 spell levels left.
You didn't know any spells.

Dungeon Overview and Level Annotations

Branches:
Dungeon (3/15)

Altars:
Fedhas


Innate Abilities, Weirdness & Mutations

You have sharp fingernails.
You are partially covered in yellow scales. (AC +2)
Your flesh is cold resistant. (rC+)
A weak demonic guardian rushes to your aid.


Message History

The jackal completely misses you. The gnoll closely misses you.
The jackal barely misses you. The gnoll closely misses you.
You closely miss the jackal.
The jackal is almost dead.
The jackal misses you.
The gnoll hits you from afar with a spear.
* * * LOW HITPOINT WARNING * * *
The jackal completely misses you.
You closely miss the jackal.
The jackal is almost dead.
The jackal misses you. The gnoll hits you but does no damage.
You barely miss the jackal.
The jackal is almost dead.
The jackal closely misses you. The gnoll closely misses you.
The jackal closely misses you.
You puncture the jackal!
You kill the jackal!
The gnoll barely misses you.
The gnoll hits you from afar with a spear!
You die...

##.##.# #........# ##...##.
##.##.# #........# ##<###. #.##.#
#..(.....# #.# ## ##....#
#.......# #.# ...#..# #.....#
##'## ##...## #...# ##...## ##.##
##g### ##.....## #..## #)#.##
##.......#
###...##########@...####..)......
...............).......'.........
###....#########....####.........
###..#.# #.#.## ##.......#
.......# #)##### ##.....##
####.### #.....# ##...## #.#
#####.# ##'## #.# #)# #.# #
####.# #.# #.# #


You could see a gnoll.

Vanquished Creatures
  An orc priest (D:3)
  Jessica (D:2)
  Natasha (D:2)
  A gnoll (D:3)
  5 adders
  An ooze (D:2)
  3 dart slugs
  5 leopard geckos
  9 orcs (D:3)
  3 ball pythons
  6 bats
  6 giant cockroaches
  9 hobgoblins
  8 jackals
  A quokka (D:2)
  3 frilled lizards
  11 goblins
  7 kobolds
  4 rats
85 creatures vanquished.

Vanquished Creatures (collateral kills)
  Natasha (twice) (D:2)
  2 gnolls (D:3)
4 creatures vanquished.

Grand Total: 89 creatures vanquished

Notes
Turn   | Place    | Note
-------+----------+-------------------------------------------
     0 | D:1      | JarielCorvus the Demonspawn Gladiator began the quest for the Orb.
     0 | D:1      | Reached XP level 1. HP: 16/16 MP: 1/1
   171 | D:1      | Gained mutation: Your flesh is cold resistant. (rC+) [demonic ancestry]
   171 | D:1      | Reached XP level 2. HP: 23/23 MP: 2/2
   811 | D:1      | Reached XP level 3. HP: 20/28 MP: 3/3
  1196 | D:2      | Noticed Jessica
  1233 | D:2      | Killed Jessica
  1233 | D:2      | Reached skill level 3 in Fighting
  1233 | D:2      | Gained mutation: You have sharp fingernails. [demonic ancestry]
  1233 | D:2      | Reached XP level 4. HP: 8/35 MP: 4/4
  1770 | D:2      | Noticed Natasha
  1788 | D:2      | Killed Natasha
  1788 | D:2      | Gained mutation: A weak demonic guardian rushes to your aid. [demonic ancestry]
  1788 | D:2      | Reached XP level 5. HP: 25/41 MP: 5/5
  2032 | D:2      | Noticed Natasha
  2040 | D:2      | Killed Natasha
  2082 | D:2      | Found a blossoming altar of Fedhas.
  2162 | D:2      | Noticed Natasha
  2165 | D:2      | Killed Natasha
  2671 | D:3      | Reached skill level 4 in Fighting
  3488 | D:3      | Gained mutation: You are partially covered in yellow scales. (AC +2) [demonic ancestry]
  3488 | D:3      | Reached XP level 6. HP: 48/48 MP: 6/6
  3535 | D:3      | Slain by a gnoll

Skill      XL: |  1  2  3  4  5  6 |
---------------+-------------------+-----
Throwing       | 2 3 |  3.0
Long Blades    | 3 |  3.7
Dodging        | 3 |  3.6
Fighting       | 3 4 |  4.3

Action                   |  1- 3 |  4- 6 || total
-------------------------+-------+-------++-------
Melee: Long sword        |   109 |   134 ||   243
       Trident           |       |   101 ||   101
Throw: Throwing net      |     1 |     2 ||     3
  Use: Scroll            |     6 |     3 ||     9
 Stab: Sleeping          |       |     6 ||     6
  Eat: Ration            |       |     1 ||     1
       Chunk             |       |     5 ||     5
Armor: Leather armour    |    51 |     7 ||    58
       Robe              |       |    77 ||    77
Dodge: Dodged            |    92 |   249 ||   341
       Rpst.: Long sword |    28 |    34 ||    62
